Map: Habitation Station LE (Void)

Players

Emil - Winner!

  • Race: Terran Terran
  • League: Diamond
  • Spawn Location: 11:00

calli

  • Race: Zerg Zerg
  • League: Platinum
  • Spawn Location: 1:00

VOD

Have the link to the VOD?

Description

Time

  • Played on: Nov. 24, 2016, 2:10 p.m.
  • Length: 11:23
Show
View Real Time Build Order
Export as new Build Order

Emil Terran - Winner!

Build Orders: Hellion Opening 

Get SALT Encoding   

  12  0:01  SCV  
  13  0:14  Supply Depot  
  13  0:23  SCV  
  14  0:32  Refinery  
  14  0:35  SCV  
  15  0:47  Barracks, SCV  
  16  0:59  SCV  
  17  1:16  SCV  
  18  1:28  SCV  
  19  1:43  Command Center  
  19  1:47  Factory  
  19  1:57  Barracks Reactor  
  19  2:01  Orbital Command  
  19  2:18  Supply Depot  
  19  2:40  Refinery  
  19  2:41  Hellion  
  19  2:43  Hellion, Factory  
  23  2:44  Marine  
  24  2:52  SCV  
  24  3:16  Hellion  
  24  3:17  Hellion, Orbital Command  
  29  3:22  SCV  
  29  3:24  Barracks Reactor  
  29  3:25  Barracks Tech Lab  
  29  3:34  SCV  
  29  3:38  Hellion  
  32  3:47  SCV  
  33  3:50  Hellion  
  33  3:51  Infernal Pre-Igniter  
  33  3:53  SCV  
  36  3:59  SCV  
  33  4:06  Hellion x2  
  37  4:11  Hellion, SCV  
  35  4:30  Hellion x2  
  39  4:33  Hellion  
  39  4:34  SCV  
  42  4:43  Supply Depot  
  42  4:49  Armory  
  42  4:52  Hellion x2  
  46  4:58  Supply Depot  
  46  5:05  Hellion, SCV x2  
  50  5:13  Hellion  
  52  5:17  SCV  
  52  5:20  Siege Tank  
  56  5:24  Supply Depot  
  56  5:27  Hellion  
  58  5:34  SCV x2  
  60  5:43  Cyclone  
  60  5:46  SCV x2  
  60  5:48  Cyclone  
  62  5:53  Hellion  
  62  5:58  SCV x2  
  64  6:10  SCV x2  
  64  6:15  Cyclone x2  
  68  6:22  SCV x2  
  68  6:34  SCV x2  
  68  6:40  Cyclone  
  68  6:46  SCV  
  68  6:47  SCV  
  63  6:58  Thor  
  63  6:59  SCV x2  
  69  7:02  Command Center  
  69  7:06  Refinery  
  69  7:08  Refinery  
  69  7:11  Supply Depot, SCV  
  70  7:32  Hellion x2, SCV x2  
  70  7:36  Supply Depot  
  76  7:41  Engineering Bay  
  76  7:42  Hellion  
  78  7:46  Barracks Reactor  
  78  7:51  Supply Depot  
  78  7:58  Hellion x2, SCV x2  
  83  8:06  Supply Depot  
  83  8:08  Supply Depot  
  83  8:10  SCV x2  
  85  8:13  Thor  
  85  8:19  Hellion  
  93  8:22  SCV x2  
  95  8:29  Command Center  
  95  8:30  Supply Depot  
  95  8:32  Missile Turret  
  95  8:34  Missile Turret  
  95  8:41  Factory  
  95  8:43  Barracks Tech Lab  
  95  8:44  Hellion x2  
  99  8:57  Hellion  
  101  9:06  Hellion  
  101  9:09  Planetary Fortress  
  103  9:27  Missile Turret  
  103  9:28  Hellion  
  103  9:29  Hellion x2  
  109  9:31  SCV x2  
  109  9:34  Supply Depot  
  109  9:36  Supply Depot  
  109  9:37  Supply Depot  
  110  9:42  Supply Depot  
  110  9:43  SCV x2  
  110  9:54  Command Center  
  110  10:01  Supply Depot  
  103  10:08  Siege Tank, Unknown  
  106  10:15  SCV  
  106  10:16  SCV  
  108  10:28  SCV x2  
  110  10:36  Factory  
  110  10:37  Factory  
  110  10:40  SCV  
  112  10:46  Missile Turret  
  112  10:49  Refinery, SCV  
  113  10:51  Refinery, SCV  
  113  10:52  SCV  
  105  11:01  SCV  
  105  11:03  SCV  
  107  11:04  SCV  
Show
View Real Time Build Order
Export as new Build Order

calli Zerg 

Build Orders: Hatch First 

Get SALT Encoding   

  12  0:01  Drone  
  13  0:12  Overlord  
  13  0:17  Drone  
  14  0:32  Drone x2  
  16  0:36  Drone  
  17  0:52  Hatchery  
  17  0:56  Drone  
  17  0:59  Drone  
  18  1:06  Extractor  
  17  1:15  Drone  
  18  1:19  Spawning Pool  
  17  1:31  Drone  
  17  1:32  Drone  
  19  2:06  Queen x2  
  19  2:08  Metabolic Boost  
  23  2:10  Zergling x4  
  23  2:11  Drone x2  
  27  2:34  Drone  
  27  2:35  Overlord  
  28  2:47  Pneumatized Carapace  
  28  2:54  Hatchery  
  27  3:04  Drone x3  
  27  3:05  Overlord, Drone  
  31  3:10  Zergling x2  
  31  3:27  Zergling x12  
  31  3:30  Queen  
  38  3:40  Drone x3  
  41  3:45  Overlord  
  41  3:54  Drone x3  
  43  4:03  Drone x2  
  43  4:04  Overlord, Drone  
  43  4:28  Zergling x2  
  43  4:29  Zergling x14  
  51  4:39  Lair  
  51  4:40  Drone  
  51  4:41  Drone x2  
  54  4:55  Extractor  
  54  4:56  Extractor  
  52  5:03  Baneling Nest  
  52  5:04  Drone  
  52  5:05  Overlord, Drone  
  49  5:07  Queen x2  
  35  5:50  Drone x8  
  35  5:54  Drone x3  
  35  6:07  Drone  
  35  6:08  Drone x3  
  32  6:23  Drone x7  
  32  6:24  Drone  
  30  6:37  Zergling x6  
  27  7:04  Spire  
  27  7:05  Drone x3  
  27  7:06  Drone x10  
  39  7:15  Queen, Drone  
  42  7:16  Queen  
  44  7:51  Roach Warren  
  43  8:05  Drone  
  43  8:06  Drone x2  
  43  8:07  Drone x3  
  43  8:08  Drone x4  
  43  8:09  Drone x2  
  52  8:21  Mutalisk x3  
  58  8:40  Hydralisk Den  
  57  8:43  Drone  
  57  8:44  Drone x2  
  57  8:45  Drone x3  
  57  8:46  Extractor  
  57  8:48  Mutalisk  
  62  8:51  Zergling x2  
  62  8:52  Zergling x18  
  74  9:06  Glial Reconstitution  
  74  9:09  Overlord x5  
  74  9:12  Extractor  
  74  9:13  Drone  
  74  9:14  Extractor  
  74  9:15  Drone  
  70  9:40  Roach x4  
  70  9:41  Roach x9  
  70  10:07  Roach  
  70  10:08  Roach x10  
  70  10:24  Roach  
  70  10:25  Roach x3  
  65  10:44  Roach x5  
Tags
 
Add a new tag
Caveats
  • Supply blocks, unpowered buildings, or Contaminate may cause inaccurate times.
  • Supply counts are checked every 10 seconds.